 Dungeon Crawl Stone Soup version 0.31-a0-640-g39d97e502b (webtiles) character file.

Game seed: 4734523004697317841

441 ytrimaz the Sneak (level 7, 0/43 HPs)
             Began as an Octopode Shapeshifter on Aug 28, 2023.
             Slain by a lemure (8 damage)
             ... led by Pikel
             ... on level 4 of the Dungeon.
             The game lasted 00:03:43 (2814 turns).

ytrimaz the Sneak (Octopode Shapeshifter)           Turns: 2814, Time: 00:03:44

Health: 0/43       AC:  1    Str: 13    XL:     7   Next: 2%
Magic:  7/7        EV: 13    Int: 13    God:
Gold:   125        SH:  0    Dex: 13    Spells: 6/6 levels left

rFire   . .          .
                       - Unarmed
rCold   . . .        (no shield)
rNeg    . . .        (helmet currently unavailable)
rPois   .            (no amulet)
rElec   .            (no ring)
rCorr   .            (no ring)
SInv    .            (no ring)
Will    .....        (no ring)
Stlth   ++++         (no ring)
HPRegen 0.27/turn    (no ring)
MPRegen 0.10/turn    (no ring)
                     (no ring)

%: no passive effects
@: mighty, beast-form
A: beast (slay +2), almost no armour, amphibious, 8 rings, camouflage 1,
gelatinous body 1, (nimble swimmer 1), tentacles
a: Begin Untransformation


You were on level 4 of the Dungeon.
You were a hulking beast.
You visited 1 branch of the dungeon, and saw 4 of its levels.

You collected 125 gold pieces.


Innate Abilities, Weirdness & Mutations

You are a hulking beast.
Your limbs bulge with bestial killing power. (Slay +2)
You cannot wear most types of armour.
You are amphibious.
You can wear up to eight rings at the same time.
Your skin changes colour to match your surroundings (Stealth+).
Your rubbery body absorbs attacks. (AC +1, EV +1)
((You are camouflaged when in or above water. (Stealth+)))
You have tentacles for arms and can constrict up to eight enemies at once.


   Skills:
 - Level 1.0 Fighting
 - Level 3.0 Dodging
 + Level 5.0 Stealth
 + Level 4.5 Unarmed Combat
 + Level 4.9 Shapeshifting


You had 6 spell levels left.
You didn't know any spells.
Your spell library contained the following spells:

 Spells                   Type           Power      Damage    Failure   Level
 Apportation              Tloc           0%         N/A       30%         1
 Necrotise                Necr           0%         1d4       30%         1
 Summon Small Mammal      Summ           0%         N/A       30%         1

Inventory:

Talismans
 b - a beast talisman (active)
 c - a flux talisman
Wands
 l - a wand of roots (10)
   (You found it on level 3 of the Dungeon)
Scrolls
 d - 2 scrolls of amnesia {unknown}
 h - a scroll of brand weapon {unknown}
 j - a scroll of vulnerability {unknown}
 k - a scroll of revelation {unknown}
 n - a scroll of butterflies {unknown}
 o - 2 scrolls of identify {unknown}
Potions
 a - a potion of curing
 f - a potion of attraction {unknown}
 g - a potion of haste {unknown}
 i - a potion of mutation {unknown}
 m - a potion of degeneration {unknown}
 p - a potion of heal wounds {unknown}

Dungeon Overview and Level Annotations

Branches:
Dungeon (4/15) Zot: 21194
 Temple: D:4-7

Altars:
Dithmenos
Ru
Uskayaw

Shops:
D:1 :   D:2 (

Annotations:
D:3 1 runed translucent door, Crazy Yiuf
D:4 Menkaure, Pikel

................#
..............#. .....
.............###(#......
............##..........
......................#
#...............#).#.#
...........######....#
...<......##......# .
..........##....h###### .#
.....).......|.##5gK..##.#
...........#######55.....#
#..........# #MJ.?..###
##.........# #........#
####......# #....K....
#..##..## ##........
#.###..8 8.......> ..
#.... .........


You could see Pikel, 3 lemures, Menkaure (fast), an endoplasm, a hobgoblin and a
kobold.


Message History

Menkaure and a goblin come into view.
There are monsters nearby!
There are monsters nearby!
Unknown command.
Pikel, Merchant of Souls comes into view.
He is wielding a +2 whip of electrocution, wearing a +2 robe of willpower and carrying a wand of mindburst. 2 jackals come into view.
The jackal barks! x2; Pikel shouts!
You hear a shout! x2
A lemure comes into view.
A jackal comes into view.
The jackal barks!
The goblin shouts!
Found a stone staircase leading down.
You hear a shout!
A lemure comes into view. x3
Menkaure shouts!
Unknown command.
Unknown command.
Unknown command.
A hobgoblin comes into view.
Pikel zaps a wand.
Your mind is blasted! 😮 HP[-11]
You take 11 damage, and now have 32/43 hp.
MASSIVE DAMAGE!! (PAUSE) Unknown command.
Menkaure gestures wildly while chanting.
Menkaure seems to speed up.
You hear a shout!
Unknown command.
Unknown command.
Unknown command.
It was a potion of curing.
You feel better. 😕 HP[+8]
You regained 8 hp, and now have 40/43 hp.
It was a potion of might.
You feel very mighty all of a sudden.
The goblin barely misses you. 😕 HP[+1] Unknown command.
The hobgoblin shouts!
You bludgeon the goblin!
You kill the goblin!
The jackal closely misses you.
You tentacle-slap the jackal.
You kill the jackal!
You barely miss the jackal. Your grab misses the jackal.
You squeeze the jackal.
You kill the jackal!
An endoplasm comes into view.
The jackal bites you. 😕 HP[-3]
You take 3 damage, and now have 38/43 hp.
You closely miss the jackal. Your grab misses the jackal.
The jackal misses you. 😕 HP[+1]
You bludgeon the jackal!
You kill the jackal!
Menkaure calls on the powers of darkness!
The hobgoblin convulses!
Pikel convulses!
Your body is wracked with pain!
* * * LOW HITPOINT WARNING * * *
The endoplasm convulses! 😨 HP[-18]
You take 18 damage, and now have 21/43 hp.
MASSIVE DAMAGE!! (PAUSE) Unknown command.
You are too injured to fight recklessly!
You are too injured to fight recklessly!
You are too injured to fight recklessly!
You are too injured to fight recklessly!
You are too injured to fight recklessly!
Unknown command.
You bludgeon the lemure! Your grab misses the lemure.
The lemure barely misses you.
Unknown command.
You bludgeon the lemure! You grab the lemure.
You constrict the lemure, but do no damage.
The lemure closely misses you.
Unknown command.
You tentacle-slap the lemure.
You kill the lemure!
That felt strangely unrewarding.
A kobold comes into view.
It is wielding a +0 whip. 😮 HP[+1] Unknown command.
You bludgeon the lemure! You grab the lemure. You squeeze the lemure!
You constrict the lemure.
Menkaure calls on the powers of darkness!
The endoplasm convulses!
The hobgoblin convulses!
Pikel convulses!
Your body is wracked with pain!
* * * LOW HITPOINT WARNING * * *
The lemure hits you.
* * * LOW HITPOINT WARNING * * *
😱 HP[-14]
You take 14 damage, and now have 8/43 hp.
MASSIVE DAMAGE!! (PAUSE) Unknown command.
Unknown command.
You tentacle-slap the lemure. You squeeze the lemure.
You constrict the lemure, but do no damage.
The lemure hits you!
You die...

Skill      XL: |  1  2  3  4  5  6  7 |
---------------+----------------------+-----
Stealth        | 1 2 3 4 5 |  5.0
Unarmed Combat | 4 |  4.5
Shapeshifting  | 4 |  4.9
Dodging        | 3 |  3.0
Fighting       | |  1.0

Action                     |  1- 3 |  4- 6 |  7- 9 || total
---------------------------+-------+-------+-------++-------
  Melee: Unarmed           |    66 |    62 |    13 ||   141
         Constrict         |    17 |    12 |     2 ||    31
         Tentacles         |     9 |    10 |     4 ||    23
         Punch             |     1 |     2 |       ||     3
    Use: Potion            |       |     1 |     2 ||     3
   Stab: Sleeping          |     5 |     7 |       ||    12
         Distracted        |     1 |       |       ||     1
 Armour: Skin              |     5 |    26 |       ||    31
  Dodge: Dodged            |    37 |    26 |     7 ||    70

Levels and vault maps discovered:
D:1:      matt_arrival_spirals, layout_loops_ring, serial_shops,
          nicolae_shop_mannequins, serial_glass, glass_columns_b,
          glass_columns_a, serial_bayou_lake_a
D:2:      layout_loops_ring, serial_shops, shop, minmay_tromino_v4_b
D:3:      layout_loops_ring, nicolae_ru_sacrificial_ziggurat,
          old_standard_altar, general_overflow_altar, uniq_crazy_yiuf_cottage,
          uniq_natasha, uniq_sigmund, uniq_jessica
D:4:      layout_rooms, mainiacjoe_overflow_boulevard, dk_yredelemnul_ordeal,
          minmay_temple_entry_large_hall, serial_bayou_pond_e, uniq_menkaure,
          uniq_pikel

Notes
Turn   | Place    | Note
-------+----------+-------------------------------------------
     0 | D:1      | ytrimaz the Octopode Shapeshifter began the quest for the
                  | Orb.
     0 | D:1      | Reached XP level 1. HP: 13/13 MP: 1/1
     0 | D:1      | magus.rc [v1.9.6]
   230 | D:1      | HP: 3/13 [goblin/+0 club (4)]
   367 | D:1      | Reached skill level 1 in Stealth
   375 | D:1      | Reached XP level 2. HP: 18/18 MP: 2/2
   518 | D:1      | Reached skill level 2 in Stealth
   574 | D:1      | Reached XP level 3. HP: 23/23 MP: 3/3
   720 | D:1      | Noticed a walking frostbound tome
   721 | D:1      | Found Gihyna's Book Shoppe.
   724 | D:1      | Noticed a walking divine tome
  1230 | D:2      | Found Kifaetih's Weapon Shoppe.
  1392 | D:2      | Reached XP level 4. HP: 24/28 MP: 4/4
  1578 | D:2      | Reached skill level 3 in Stealth
  1657 | D:3      | Noticed a scorpion
  1666 | D:3      | Killed a scorpion
  1667 | D:3      | Reached XP level 5. HP: 30/33 MP: 5/5
  1774 | D:3      | Found a sacrificial altar of Ru.
  1776 | D:3      | Noticed Natasha
  1783 | D:3      | Killed Natasha
  1784 | D:3      | Reached skill level 4 in Unarmed Combat
  1820 | D:3      | Reached skill level 4 in Stealth
  1825 | D:3      | HP: 5/33 [orc priest/divine providence (15)]
  1827 | D:3      | Reached skill level 4 in Shapeshifting
  1902 | D:3      | Noticed Natasha
  1911 | D:3      | HP: 7/33 [Natasha/magic dart (12)]
  1913 | D:3      | Killed Natasha
  2053 | D:3      | Found a shadowy altar of Dithmenos.
  2134 | D:3      | You pick up a book of Cantrips and begin reading...
  2134 | D:3      | You add the spells Necrotise, Summon Small Mammal and
                  | Apportation to your library.
  2200 | D:3      | Found a hide-covered altar of Uskayaw.
  2218 | D:3      | Reached XP level 6. HP: 32/38 MP: 6/6
  2284 | D:3      | Noticed Natasha
  2297 | D:3      | Killed Natasha
  2318 | D:3      | Noticed Sigmund
  2338 | D:3      | Killed Sigmund
  2339 | D:3      | Reached skill level 3 in Dodging
  2436 | D:3      | Noticed Jessica
  2445 | D:3      | Killed Jessica
  2723 | D:3      | Found a runed translucent door.
  2724 | D:3      | Noticed Crazy Yiuf
  2752 | D:4      | Reached XP level 7. HP: 43/43 MP: 7/7
  2772 | D:4      | Reached skill level 5 in Stealth
  2795 | D:4      | Noticed Menkaure
  2796 | D:4      | Noticed Pikel
  2813 | D:4      | HP: 8/43 [lemure[Pikel] (4)]
  2814 | D:4      | Slain by a lemure

Vanquished Creatures
  Sigmund (D:3)
  A lemure (D:4)
  A scorpion (D:3)
  An orc priest (D:3)
  Jessica (D:3)
  Natasha (thrice) (D:3)
  3 adders
  2 worms (D:2)
  2 dart slugs
  5 orcs
  3 ball pythons
  5 endoplasms
  10 goblins
  5 hobgoblins
  6 jackals
  2 kobolds
  3 quokkas
  4 bats
  2 frilled lizards (D:3)
  6 rats
66 creatures vanquished.

Table legend:
 A = Non-vault XP
 B = Vault XP
 C = Vault XP percentage of total XP
 D = Non-vault monster count
 E = Vault monster count
 F = Vault count percentage of total count
                 A         B        C        D         E       F
            +---------+---------+-------+---------+---------+-------
      Total |     340 |     290 |  46.0 |      61 |       4 |   6.2
            +---------+---------+-------+---------+---------+-------
        D:1 |      41 |       0 |   0.0 |      22 |       0 |   0.0
        D:2 |      44 |       2 |   4.3 |      14 |       1 |   6.7
        D:3 |     240 |     288 |  54.5 |      18 |       3 |  14.3
        D:4 |      15 |       0 |   0.0 |       7 |       0 |   0.0
            +---------+---------+-------+---------+---------+-------

Skill      XL: |  1  2  3  4  5  6  7 |
---------------+----------------------+-----
Stealth        | 1 2 3 4 5 |  5.0
Unarmed Combat | 4 |  4.5
Shapeshifting  | 4 |  4.9
Dodging        | 3 |  3.0
Fighting       | |  1.0

Action                     |  1- 3 |  4- 6 |  7- 9 || total
---------------------------+-------+-------+-------++-------
  Melee: Unarmed           |    66 |    62 |    13 ||   141
         Constrict         |    17 |    12 |     2 ||    31
         Tentacles         |     9 |    10 |     4 ||    23
         Punch             |     1 |     2 |       ||     3
    Use: Potion            |       |     1 |     2 ||     3
   Stab: Sleeping          |     5 |     7 |       ||    12
         Distracted        |     1 |       |       ||     1
 Armour: Skin              |     5 |    26 |       ||    31
  Dodge: Dodged            |    37 |    26 |     7 ||    70

Illustrated notes

Table legend:
 A = Kills in this place as a percentage of kills in the entire game.
 B = Kills by you in this place as a percentage of kills by you in the entire game.
 C = Kills by friends in this place as a percentage of kills by friends in the entire game.
 D = Other kills in this place as a percentage of other kills in the entire game.
 E = Experience gained in this place as a percentage of experience gained in the entire game.
 F = Experience gained in this place divided by the number of levels of this place that you have seen.
                   A       B       C       D       E      F
               +-------+-------+-------+-------+-------+----------------------
         Total | 100.0 | 100.0 |   N/A |   N/A | 100.0 | 157.5
       Dungeon | 100.0 | 100.0 |   N/A |   N/A | 100.0 | 157.5
               +-------+-------+-------+-------+-------+----------------------

Table legend: (Time is in decaauts)
 A = Elapsed time spent in this place.
 B = Non-inter-level travel time spent in this place.
 C = Inter-level travel time spent in this place.
 D = Time resting spent in this place.
 E = Time spent auto-exploring this place.
 F = Levels seen in this place.
 G = Mean time per level.
                   A        B        C        D        E       F      G
               +--------+--------+--------+--------+--------+-----+--------+
         Total |   2804 |   2715 |     89 |      0 |   2272 |   4 |  701.0 |
       Dungeon |   2804 |   2715 |     89 |      0 |   2272 |   4 |  701.0 |
               +--------+--------+--------+--------+--------+-----+--------+

Top non-repeatable levels by time:
     D:3: 1089 daAuts
     D:1: 880 daAuts
     D:2: 772 daAuts
     D:4: 62 daAuts
